 Dungeon Crawl Stone Soup version 0.21-a0-279-g6037ffb (webtiles) character file.

44 Kidiri the Magician (level 3, -3/19 HPs)
             Began as a Deep Elf Fire Elementalist on Sept 23, 2017.
             Slain by a gnoll
             ... wielding a +0 halberd
              (9 damage)
             ... on level 2 of the Dungeon.
             The game lasted 00:10:46 (1326 turns).

Kidiri the Magician (Deep Elf Fire Elementalist)    Turns: 1326, Time: 00:10:47

Health: -3/19      AC:  2    Str:  5    XL:     3   Next: 41%
Magic:  2/11       EV: 20    Int: 25    God:
Gold:   138        SH:  0    Dex: 20    Spells: 2/11 levels left

rFire    . . .     SeeInvis .   e - +0 dagger
rCold    . . .     Gourm    .   (no shield)
rNeg     . . .     Faith    .   a - +0 robe
rPois    .         Spirit   .   (no helmet)
rElec    .         Reflect  .   (no cloak)
rCorr    .         Harm     .   (no gloves)
MR       .....                  (no boots)
Stlth    +++.......             (no amulet)
HPRegen  0.06/turn              f - +2 ring of evasion
MPRegen  0.12/turn              (no ring)

@: brilliant, agile, very slightly contaminated
A: no striking features
a: no special abilities


You were on level 2 of the Dungeon.
You were not hungry.

You visited 1 branch of the dungeon, and saw 2 of its levels.

You collected 138 gold pieces.

Inventory:

Hand Weapons
 e - a +0 dagger (weapon)
Armour
 a - a +0 robe (worn)
Jewellery
 f - a +2 ring of evasion (left hand)
Scrolls
 d - 2 scrolls of amnesia
 m - a scroll of remove curse
Potions
 g - a potion of haste
 i - a potion of brilliance
Books
 b - a book of Flames

   Spells                             Type                      Level
   a - Flame Tongue                   Conjuration/Fire             1
   b - Throw Flame                    Conjuration/Fire             2
   c - Conjure Flame                  Conjuration/Fire             3
   d - Inner Flame                    Hexes/Fire                   3
   e - Sticky Flame                   Conjuration/Fire             4
   f - Fireball                       Conjuration/Fire             5
Comestibles
 c - 2 bread rations
 h - a royal jelly
 j - 2 fruits
 k - 5 chunks of flesh
 l - a meat ration


   Skills:
 - Level 2.4 Dodging
 - Level 2.4 Stealth
 * Level 4.7 Spellcasting
 + Level 1.8 Conjurations
 + Level 3.5 Fire Magic


You had 2 spell levels left.
You knew the following spells:

 Your Spells              Type           Power        Failure   Level  Hunger
a - Flame Tongue          Conj/Fire      ####.        1%          1    None
b - Throw Flame           Conj/Fire      ####..       1%          2    None
c - Conjure Flame         Conj/Fire      ####....     1%          3    ##.....
d - Inner Flame           Hex/Fire       ####....     1%          3    ##.....


Dungeon Overview and Level Annotations

Branches:
Dungeon (2/15)

Altars:


Message History

Confirm with . or Enter, or press ? or * to list all spells.
Aiming: Flame Tongue
Press: ? - help, Shift-Dir - straight line, f - gnoll, p - gnoll
Aim: a gnoll, wielding a flail The flame tongue hits the gnoll.
The gnoll is almost dead.
The gnoll hits you with a flail!
Ouch! That really hurt!
* * * LOW HITPOINT WARNING * * *
Unknown command.
Casting: Flame Tongue
Confirm with . or Enter, or press ? or * to list all spells.
Aiming: Flame Tongue
Press: ? - help, Shift-Dir - straight line, f/p - gnoll
Aim: a gnoll, wielding a flail (almost dead)
The flame tongue hits the gnoll.
You kill the gnoll!
There is a stone staircase leading up here.
The gnoll hits you from afar with a halberd!
You die...

#............# *.#,,,,* *,*
####.###.#.####.######.########.#
#...รท#
#.#.............#........# #.####
#.#>####......###........+ #.#
#.#..# #......# #........# ..#
#.##.###.g....# #........# ###
#.##..##.g....# #........#
#(###.##......###........#
#........@...............#
######.#..(..............#
##...................#
#....##+##...........#
#...>#*,*#...........#
#....#*,*#...........#
#....#*,*#############
#....#*,,,,,,,* #....#*******,*


You could see 2 gnolls.

Vanquished Creatures
  A gnoll (D:2)
  A worm (D:2)
  A dart slug (D:2)
  3 leopard geckos
  2 giant cockroaches
  2 goblins
  2 hobgoblins (D:1)
  6 jackals (D:2)
  2 bats (D:1)
  2 frilled lizards
  2 kobolds (D:1)
  2 rats
26 creatures vanquished.

Notes
Turn   | Place    | Note
-------+----------+-------------------------------------------
     0 | D:1      | Kidiri the Deep Elf Fire Elementalist began the quest for the Orb.
     0 | D:1      | Reached XP level 1. HP: 10/10 MP: 6/6
   261 | D:1      | Reached XP level 2. HP: 15/15 MP: 5/8
   265 | D:1      | Learned a level 2 spell: Throw Flame
   376 | D:1      | Reached skill level 4 in Spellcasting
  1110 | D:2      | Reached XP level 3. HP: 19/19 MP: 5/10
  1212 | D:2      | Learned a level 3 spell: Conjure Flame
  1216 | D:2      | Learned a level 3 spell: Inner Flame
  1326 | D:2      | Slain by a gnoll

Vault maps used:
D:1:      minmay_arrival_widening_spiral_wide, minmay_misc_feat_tower
D:2:      first_bread

Skill      XL: |  1  2 |
---------------+-------+-----
Spellcasting   | 4 |  4.7
Dodging        | |  2.4
Stealth        | |  2.4
Conjurations   | |  1.8
Fire Magic     | |  3.5

Action                   || total
-------------------------++-------
Melee: Dagger            ||     6
 Cast: Flame Tongue      ||    44
       Throw Flame       ||     5
       Conjure Flame     ||     1
       Inner Flame       ||     1
  Use: Scroll            ||     4
       Potion            ||     2
 Stab: Sleeping          ||     2
  Eat: Chunk             ||     1
Armor: Robe              ||     1
Dodge: Dodged            ||    19

Table legend:
 A = Spawn XP
 B = Non-spawn XP
 C = Spawn XP percentage of total XP
 D = Spawn monster count
 E = Non-spawn monster count
 F = Spawn count percentage of total count
 G = Total turns spent on level
                    A         B        C        D         E        F      G
               +---------+---------+-------+---------+---------+-------+---------
         Total |       0 |      64 |   0.0 |       0 |      26 |   0.0 |  1326
               +---------+---------+-------+---------+---------+-------+---------
           D:1 |       0 |      20 |   0.0 |       0 |      12 |   0.0 |   817
           D:2 |       0 |      44 |   0.0 |       0 |      14 |   0.0 |   509
               +---------+---------+-------+---------+---------+-------+---------
